 Dungeon Crawl Stone Soup version 0.31-a0-174-g85c54bcb58 (webtiles) character file.

Game seed: 4325838510140941424

3381 Hajna the Reanimator (level 10, -7/74 HPs)
             Began as a Human Necromancer on June 11, 2023.
             Was a Follower of Vehumet.
             Mangled by ciphuk's ghost (17 damage)
             ... on level 7 of the Dungeon on June 15, 2023.
             The game lasted 00:50:11 (8234 turns).

Hajna the Reanimator (Human Necromancer)            Turns: 8234, Time: 00:50:12

Health: -7/74      AC: 17    Str: 12    XL:     10   Next: 23%
Magic:  7/22       EV: 16    Int: 30    God:    Vehumet [*.....]
Gold:   297        SH:  4    Dex: 19    Spells: 8/25 levels left

rFire   . . .        e - staff of death "Vanunt" {rN+ Int+3}
rCold   . . .        i - +0 buckler
rNeg    + . .        n - +7 ring mail "Cuemixz Vokk" {rPois Str+3 Int+4}
rPois   +            k - +0 helmet
rElec   .            g - +1 cloak
rCorr   +            y - +0 pair of gloves
SInv    .            (no boots)
Will    ++++.        (no amulet)
Stlth   ++           w - +6 ring of dexterity
HPRegen 0.32/turn    a - ring of Damehic {Will+++ rCorr EV+5 Int+3 Slay-6}
MPRegen 0.18/turn

%: no passive effects
@: no status effects
A: strong-willed 1, robust 1
a: Renounce Religion


You were on level 7 of the Dungeon.
You worshipped Vehumet.
Vehumet was aware of your devotion.
You visited 2 branches of the dungeon, and saw 8 of its levels.
You also visited: Sewer.

You collected 327 gold pieces.
You spent 30 gold pieces at shops.

Inventory:

Hand Weapons
 b - a +2 whip of flaming
 h - a +0 dagger of venom
 r - a +6 flail of draining
 t - a +2 dagger of speed
 u - a +4 quarterstaff of chaos
Missiles
 d - 9 poisoned darts
 f - 27 stones
 m - 2 throwing nets
Armour
 g - a +1 cloak (worn)
 i - a +0 buckler (worn)
 j - a +0 ring mail of fire resistance
 k - a +0 helmet (worn)
 n - the +7 ring mail "Cuemixz Vokk" (worn) {rPois Str+3 Int+4}
   (You found it on level 2 of the Dungeon)

   Str:       It affects your strength (+3).
   Int:       It affects your intelligence (+4).
   rPois:     It protects you from poison.
 y - a +0 pair of gloves (worn)
Magical Staves
 e - the staff of death "Vanunt" (weapon) {rN+ Int+3}
   (You acquired it on level 5 of the Dungeon)

   [staff of death]

   Base accuracy: +5 Base damage: 5 Base attack delay: 1.2 This weapon's minimum
   attack delay (0.6) is reached at skill level 12.
   Int:       It affects your intelligence (+3).
   rN:        It protects you from negative energy.
   It falls into the 'Staves' category.
   It is a one-handed weapon.
Jewellery
 a - the ring of Damehic (right hand) {Will+++ rCorr EV+5 Int+3 Slay-6}
   (You found it in a sewer)

   [ring of evasion]

   EV:        It affects your evasion (+5).
   Int:       It affects your intelligence (+3).
   Slay:      It affects your accuracy & damage with ranged weapons and melee
   (-6).
   rCorr:     It protects you from acid and corrosion.
   Will:      It greatly increases your willpower.
 l - a ring of willpower
 s - a ring of willpower
 w - a +6 ring of dexterity (left hand)
Wands
 c - a wand of flame (2)
Scrolls
 p - a scroll of amnesia
 q - a scroll of poison
 v - 3 scrolls of identify
Potions
 o - 4 potions of curing
 x - a potion of haste {unknown}
 A - a potion of enlightenment {unknown}
 B - a potion of attraction {unknown}


   Skills:
 + Level 2.5 Fighting
 + Level 0.1(1.5) Maces & Flails
 + Level 0.5(1.7) Polearms
 + Level 2.6(2.7) Staves
 + Level 3.6 Armour
 + Level 3.4 Dodging
 + Level 2.4 Stealth
 + Level 0.1 Shields
 + Level 8.4 Spellcasting
 + Level 0.3 Conjurations
 + Level 1.0 Hexes
 + Level 1.8 Summonings
 + Level 8.8 Necromancy
 + Level 0.2 Air Magic


You had 8 spell levels left.
You knew the following spells:

 Your Spells              Type           Power      Damage    Failure   Level
a - Necrotise             Necr           100%       1d9       1%          1
b - Vampiric Draining     Necr           78%        2d11      1%          3
c - Animate Dead          Necr           78%        N/A       3%          4
d - Summon Guardian Gole  Hex/Summ       21%        N/A       22%         3
e - Shock                 Conj/Air       56%        1d6       12%         1
f - Call Imp              Summ           48%        N/A       9%          2
g - Call Canine Familiar  Summ           24%        N/A       17%         3

Your spell library contained the following spells:

 Spells                   Type           Power      Damage    Failure   Level
 Agony                    Necr           78%        N/A       9%          5
 Magic Dart               Conj           56%        1d5       12%         1
 Lesser Beckoning         Tloc           24%        N/A       19%         2
 Portal Projectile        Hex/Tloc       30%        N/A       30%         3
 Mephitic Cloud           Conj/Pois/Air  13%        N/A       34%         3
 Gell's Gravitas          Tloc           12%        N/A       36%         3
 Teleport Other           Tloc           12%        N/A       36%         3
 Leda's Liquefaction      Hex/Erth       7%         N/A       71%         4
 Iskenderun's Battlesphe  Conj           14%        2d7       97%         5
 Conjure Ball Lightning   Conj/Air       7%         3x3d6     100%        6
 Leda's Unmaking          Conj/Erth      6%         9d2       100%        6
 Orb of Destruction       Conj           7%         9d6       100%        7
 Spellforged Servitor     Conj/Summ      9%         N/A       100%        7
 Discord                  Hex            9%         N/A       100%        8
 Disjunction              Tloc           6%         N/A       100%        8


Dungeon Overview and Level Annotations

Branches:
Dungeon (7/15)             Temple (1/1) D:4           Sewer (visited)

Altars:
Ashenzari
Cheibriados
Elyvilon
Hepliaklqana
Makhleb
Qazlal
Ru
Sif Muna
Trog
Uskayaw
Vehumet
Xom
Yredelemnul
Zin
The Shining One

Shops:
D:3 [*!

Annotations:
D:7 Majang's ghost, novice DjIE; blade888's ghost, novice DsFE; ciphuk's ghost, novice TrMo; paps's ghost, novice OpSu


Innate Abilities, Weirdness & Mutations

You are strong-willed. (Will+)
You are robust. (+10% HP)


Message History

Majang's ghost hits you!
* * * LOW HITPOINT WARNING * * *
You hit Majang's ghost but do no damage.
Your cerulean imp barely misses ciphuk's ghost.
Majang's ghost hits you.
* * * LOW HITPOINT WARNING * * *
You hit Majang's ghost but do no damage.
Your cerulean imp completely misses ciphuk's ghost.
Majang's ghost hits you.
* * * LOW HITPOINT WARNING * * *
Something hits your cerulean imp but does no damage.
Something misses your cerulean imp.
You barely miss Majang's ghost.
Your cerulean imp closely misses Majang's ghost.
Majang's ghost barely misses you. Something hits your cerulean imp.
Your cerulean imp dies!
Your cerulean imp disappears in a puff of smoke!
Flame seeps out of your guardian golem.
You hit Majang's ghost but do no damage.
Your guardian golem is engulfed in blazing flames.
Your guardian golem disappears in a puff of smoke!
Your guardian golem explodes!
The fiery explosion engulfs Majang's ghost.
Majang's ghost completely resists.
The fiery explosion engulfs ciphuk's ghost!
Ciphuk's ghost resists.
The fiery explosion engulfs paps's ghost!!
Majang's ghost hits you but does no damage.
Ciphuk's ghost is engulfed in blazing flames.
Unknown command.
You hit Majang's ghost but do no damage.
Ciphuk's ghost is engulfed in blazing flames.
You hit ciphuk's ghost but do no damage.
Ciphuk's ghost is almost destroyed.
Ciphuk's ghost is engulfed in blazing flames.
Ciphuk's ghost closely misses you.
You hit ciphuk's ghost but do no damage.
Ciphuk's ghost is almost destroyed.
Ciphuk's ghost hits you!
You die...

#...'. #.°.'.
#.°5°W #..○#. ###
#.☼○#. ##.##
#.§.#( #...##
##.☼##
#####....#####....
#@##......b##.....
##W#.W.>.W..#.....
##WW..°.5W........
#.#.§.............
##................
#...........##...
#..........######
#.........## #
#........## ####


You could see Majang's ghost, blade888's ghost and ciphuk's ghost.

Vanquished Creatures
  Pikel (D:4)
  A cane toad (shapeshifter) (D:3)
  Sigmund (D:2)
  Menkaure (D:4)
  Edmund (D:5)
  A water moccasin (D:5)
  3 ice beasts
  A black bear (D:5)
  A centaur (D:5)
  A phantom (D:4)
  A kobold brigand (D:6)
  2 bullfrogs (Sewer)
  A scorpion (D:2)
  7 hounds
  A jelly (D:6)
  Crazy Yiuf (D:2)
  2 orc priests (D:4)
  4 sleepcaps
  2 iguanas
  Terence (D:2)
  A gnoll (D:1)
  11 adders
  2 river rats (D:3)
  A shadow imp (D:6)
  2 white imps
  An ufetubus (D:5)
  3 worms
  3 dart slugs
  11 orcs
  8 bats
  An endoplasm (D:4)
  7 giant cockroaches
  3 goblins
  10 hobgoblins
  9 jackals
  8 quokkas
  15 ball pythons
  9 frilled lizards
  11 kobolds
  6 rats
156 creatures vanquished.

Vanquished Creatures (collateral kills)
  A lemure (D:4)
  A scorpion (D:6)
  An iguana (D:5)
  2 orcs
  An endoplasm (D:1)
  A giant cockroach (D:3)
  A frilled lizard (Sewer)
  2 kobolds (D:6)
  3 rats
13 creatures vanquished.

Vanquished Creatures (others)
  The ghost of Gargoyl the Cleaver, a novice GrBe of Trog (D:7)
  A bullfrog (D:6)
  A water moccasin zombie (D:5)
  A black bear zombie (D:5)
  2 ice beast zombies
  2 hound zombies (D:5)
  An adder zombie (D:5)
  A worm zombie (D:4)
  A bat zombie (D:3)
  A ball python zombie (Sewer)
  A frilled lizard zombie (Sewer)
  3 jackal zombies (D:4)
  2 orc zombies
  2 rat zombies (D:3)
  2 river rat zombies (D:3)
22 creatures vanquished.

Grand Total: 191 creatures vanquished

Notes
Turn   | Place    | Note
-------+----------+-------------------------------------------
     0 | D:1      | Hajna the Human Necromancer began the quest for the Orb.
     0 | D:1      | Reached XP level 1. HP: 13/13 MP: 3/3
   266 | D:1      | Reached XP level 2. HP: 19/19 MP: 3/5
   656 | D:1      | Reached XP level 3. HP: 24/24 MP: 2/6
   892 | D:1      | Upgraded the game from 0.31-a0-152-g6aa68a64a1 to
                  | 0.31-a0-174-g85c54bcb58
   896 | D:1      | Learned a level 3 spell: Vampiric Draining
  1312 | D:2      | Identified the +7 ring mail "Cuemixz Vokk" {rPois Str+3
                  | Int+4}
  1333 | D:2      | Noticed Sigmund
  1340 | D:2      | Reached XP level 4. HP: 22/30 MP: 4/7
  1350 | D:2      | Killed Sigmund
  1351 | D:2      | Reached skill level 5 in Necromancy
  1351 | D:2      | Reached XP level 5. HP: 27/36 MP: 0/10
  1351 | D:2      | Reached XP level 6. HP: 31/42 MP: 0/11
  1461 | D:2      | Noticed Terence
  1481 | D:2      | Killed Terence
  1488 | D:2      | Learned a level 4 spell: Animate Dead
  2196 | D:2      | Found a runed translucent door.
  2197 | D:2      | Noticed Crazy Yiuf
  2203 | D:2      | Killed Crazy Yiuf
  2463 | D:3      | a giant cockroach changed into a shapeshifter
  2463 | D:3      | Noticed a shapeshifter (shapeshifter)
  2463 | D:3      | a shapeshifter changed into a hornet
  2463 | D:3      | Noticed a hornet (shapeshifter)
  2468 | D:3      | Gained mutation: You are robust. (+10% HP) [potion of
                  | mutation]
  2468 | D:3      | Gained mutation: You are strong-willed. (Will+) [potion of
                  | mutation]
  2468 | D:3      | a hornet changed into a cane toad
  2468 | D:3      | Noticed a cane toad (shapeshifter)
  2472 | D:3      | HP: 2/46 [cane toad (shapeshifter) (9)]
  2479 | D:3      | Killed a cane toad
  2480 | D:3      | Reached skill level 1 in Fighting
  2480 | D:3      | Reached skill level 1 in Staves
  2480 | D:3      | Reached skill level 5 in Spellcasting
  2480 | D:3      | Reached XP level 7. HP: 12/52 MP: 9/14
  2484 | D:3      | Found a glowing drain.
  2489 | Sewer    | Entered a sewer
  2759 | Sewer    | Reached skill level 1 in Armour
  2996 | Sewer    | Reached XP level 8. HP: 59/59 MP: 8/16
  3003 | Sewer    | Identified the ring of Damehic {Will+++ rCorr EV+5 Int+3
                  | Slay-6}
  3199 | D:3      | Found Imaeped's Armour Shop.
  3303 | D:3      | Found Cogaolufech's Distillery.
  3309 | D:3      | Bought a potion of curing for 30 gold pieces
  3341 | D:3      | Found Xoyp Rot's Assorted Antiques.
  4348 | D:4      | Found a staircase to the Ecumenical Temple.
  4357 | Temple   | Entered the Ecumenical Temple
  4394 | Temple   | Became a worshipper of Vehumet
  4592 | D:4      | Noticed Pikel
  4614 | D:4      | Killed Pikel
  4615 | D:4      | Reached XP level 9. HP: 36/67 MP: 2/18
  4960 | D:4      | Noticed Menkaure
  4978 | D:4      | Killed Menkaure
  5298 | D:5      | Entered Level 5 of the Dungeon
  5307 | D:5      | Learned a level 3 spell: Summon Guardian Golem
  5490 | D:5      | Reached * piety under Vehumet
  5490 | D:5      | Offered knowledge of Shock by Vehumet.
  5861 | D:5      | Found a bloodstained altar of Trog.
  5951 | D:5      | Noticed Edmund
  5964 | D:5      | Killed Edmund
  6279 | D:5      | Identified a scroll of acquirement
  6279 | D:5      | Acquired the staff of death "Vanunt" {rN+ Int+3}
  6785 | D:6      | Learned a level 1 spell: Shock
  6788 | D:6      | Learned a level 2 spell: Call Imp
  6997 | D:6      | Identified the +2 dagger "Tattletale" {freeze, *Slow rN+
                  | Dex+4}
  7129 | D:6      | Found a burning altar of Makhleb.
  7326 | D:6      | Reached skill level 1 in Summonings
  7456 | D:6      | Reached XP level 10. HP: 74/74 MP: 17/22
  7602 | D:6      | Found a glowing golden altar of the Shining One.
  7603 | D:6      | Found a hide-covered altar of Uskayaw.
  7605 | D:6      | Found a stormy altar of Qazlal.
  8164 | D:7      | Found a runed translucent gate.
  8165 | D:7      | Found a runed translucent gate.
  8166 | D:7      | Found a runed translucent gate.
  8167 | D:7      | Noticed Majang's ghost (novice DjIE)
  8167 | D:7      | Noticed blade888's ghost (novice DsFE)
  8167 | D:7      | Noticed Gargoyl's ghost (novice GrBe)
  8167 | D:7      | Noticed ciphuk's ghost (novice TrMo)
  8167 | D:7      | Noticed paps's ghost (novice OpSu)
  8182 | D:7      | Learned a level 3 spell: Call Canine Familiar
  8202 | D:7      | Killed Gargoyl's ghost
  8203 | D:7      | Reached skill level 1 in Hexes
  8234 | D:7      | Mangled by ciphuk's ghost

Illustrated notes

Levels and vault maps discovered:
D:1:      saegor_arrival_simple_b, layout_loops_cross
D:2:      layout_rooms, minmay_3d_cube, uniq_terence, uniq_crazy_yiuf_cottage,
          uniq_sigmund
D:3:      minmay_chambers_of_twos, layout_loops_corners, portal_sewer_entry_e,
          serial_shops, shop, nicolae_shop_tiny_glass, nicolae_shop_stone
D:4:      layout_rooms, minmay_temple_entry_butterflies, uniq_pikel,
          uniq_menkaure
D:5:      layout_loops_ring, trog_book, minmay_quadrilaterals, uniq_edmund
D:6:      layout_loops_corners, kennysheep_little_box,
          chequers_temple_overflow_statue_of_worship, hangedman_decor_opposing
D:7:      layout_cave_pods, serial_shops, shop_statue, enter_bailey_4,
          gammafunk_ghost_cemetery, minivault_23, corner_web_ring
Temple:   nicolae_temple_superstar

Skill      XL: |  1  2  3  4  5  6  7  8  9 10 |
---------------+-------------------------------+-----
Spellcasting   | 3 5 6 8 |  8.4
Necromancy     | 5 6 7 8 |  8.8
Fighting       | 1 2 |  2.5
Staves         | 1 2 |  2.6
Armour         | 1 2 3 |  3.6
Dodging        | 3 |  3.4
Summonings     | 1 |  1.8
Hexes          | 1 |  1.0
Maces & Flails | |  0.1
Polearms       | |  0.5
Stealth        | |  2.4
Shields        | |  0.1
Conjurations   | |  0.3
Air Magic      | |  0.2

Action                     |  1- 3 |  4- 6 |  7- 9 | 10-12 || total
---------------------------+-------+-------+-------+-------++-------
  Melee: Unarmed           |     3 |       |       |       ||     3
         Spear             |     6 |       |       |       ||     6
         Dagger            |       |    20 |       |       ||    20
         Quarterstaff      |       |    12 |   111 |       ||   123
         Staff             |       |       |    21 |    28 ||    49
         Flail             |       |       |    21 |       ||    21
   Cast: Necrotise         |    63 |    23 |   127 |    10 ||   223
         Vampiric Draining |       |    11 |    54 |     2 ||    67
         Animate Dead      |       |     4 |    11 |     1 ||    16
         Shock             |       |       |    10 |     7 ||    17
         Call Imp          |       |       |     4 |     4 ||     8
         Summon Guardian G |       |       |     3 |     5 ||     8
         Call Canine Famil |       |       |       |     2 ||     2
    Use: Scroll            |     3 |     2 |     8 |       ||    13
         Potion            |       |     4 |     2 |     1 ||     7
 Armour: Robe              |     7 |       |       |       ||     7
         Ring mail         |     1 |    11 |   114 |    16 ||   142
  Dodge: Dodged            |     6 |    13 |   275 |    19 ||   313
  Block: Buckler           |       |       |     7 |     2 ||     9

Table legend: (Time is in decaauts)
 A = Elapsed time spent in this place.
 B = Non-inter-level travel time spent in this place.
 C = Inter-level travel time spent in this place.
 D = Time resting spent in this place.
 E = Time spent auto-exploring this place.
 F = Levels seen in this place.
 G = Mean time per level.
                   A        B        C        D        E       F      G
               +--------+--------+--------+--------+--------+-----+--------+
         Total |   8320 |   7975 |    345 |      0 |   6605 |   9 |  924.4 |
       Dungeon |   7683 |   7390 |    293 |      0 |   6158 |   7 | 1097.6 |
        Temple |     55 |      3 |     52 |      0 |      0 |   1 |   55.0 |
         Sewer |    581 |    581 |      0 |      0 |    447 |   1 |  581.0 |
               +--------+--------+--------+--------+--------+-----+--------+

Top non-repeatable levels by time:
     D:3: 1529 daAuts
     D:5: 1318 daAuts
     D:6: 1305 daAuts
     D:2: 1240 daAuts
     D:1: 1047 daAuts
     D:4: 953 daAuts
   Sewer: 581 daAuts
     D:7: 287 daAuts
  Temple: 55 daAuts
